 Dungeon Crawl Stone Soup version 0.16-b1 (webtiles) character file.

2454 kae the Markscentaur (level 9, -1/67 HPs)
             Began as a Centaur Hunter on Mar 7, 2015.
             Was a Follower of Okawaru.
             Shot with an arrow by a centaur (13 damage)
             ... on level 7 of the Dungeon.
             The game lasted 00:12:28 (9469 turns).

kae the Markscentaur (Centaur Hunter)               Turns: 9469, Time: 00:12:28

Health: -1/67      AC:  5    Str: 15    XL:     9   Next: 25%
Magic:  7/7        EV:  9    Int: 10    God:    Okawaru [*.....]
Gold:   280        SH:  0    Dex: 13    Spells: 0 memorised, 8 levels left

rFire  . . .     SeeInvis .     b - +2 shortbow
rCold  . . .     Clarity  .     d - +0 leather armour
rNeg   . . .     SustAb   .     (no shield)
rPois  .         Gourm    .     (no helmet)
rElec  .         Spirit   .     s - +0 cloak
rCorr  .         Warding  .     (no gloves)
rMut   .         Stasis   .     (no barding)
MR     .....                    (no amulet)
Stlth  +.........               (no ring)
                                (no ring)

@: drained, very quick, not resistant to hostile enchantments, very unstealthy
A: hooves 3, deformed body, speed 2, tough skin 3
a: Heroism, Renounce Religion


You were on level 7 of the Dungeon.
You worshipped Okawaru.
Okawaru was aware of your devotion.
You were not hungry.

You visited 1 branch of the dungeon, and saw 7 of its levels.

You collected 280 gold pieces.

Inventory:

Hand weapons
 a - a +0 short sword
 b - a +2 shortbow (weapon)
Missiles
 p - 35 arrows (quivered)
Armour
 d - a +0 leather armour (worn)
 s - a +0 cloak (worn)
Jewellery
 y - an uncursed ring of magical power {unknown}
 A - a +4 ring of intelligence {unknown}
 H - an uncursed amulet of faith {unknown}
Magical devices
 c - a wand of paralysis (0)
Scrolls
 j - a scroll of blinking
 l - a scroll of enchant weapon
 n - 3 scrolls of recharging {unknown}
 t - 2 scrolls of amnesia
 v - 2 scrolls of noise {unknown}
 w - 3 scrolls of teleportation {unknown}
 x - a scroll of magic mapping {unknown}
 z - a scroll of immolation {unknown}
 B - a scroll of remove curse {unknown}
 D - 3 scrolls of identify
 F - a scroll of fear
Potions
 e - a potion of resistance {unknown}
 g - a potion of poison {unknown}
 i - a potion of heal wounds {unknown}
 k - 2 potions of haste
 m - 2 potions of curing
 o - a potion of invisibility
 q - 3 potions of brilliance {unknown}
 r - a potion of cancellation
Comestibles
 f - 4 bread rations
 h - a meat ration
 u - 8 fruits
 C - a royal jelly
 E - a slice of pizza
 G - 5 chunks of flesh


   Skills:
 - Level 2.0(1.9) Fighting
 * Level 15.9 Bows
 - Level 1.3 Dodging
 - Level 0.5(0.4) Stealth


You had 8 spell levels left.
You didn't know any spells.

Dungeon Overview and Level Annotations

Branches:
Dungeon (7/15)             Temple (0/1) D:6

Altars:
Dithmenos
Nemelex Xobeh
Okawaru
Trog


Innate Abilities, Weirdness & Mutations

You have hooves in place of feet.
Armour fits poorly on your strangely shaped body.
You cover ground very quickly.
You have extremely tough skin (AC +3).


Message History

The centaur shoots an arrow.
The arrow hits you!
* * * LOW HITPOINT WARNING * * *
You are too injured to fight recklessly!
You are too injured to fight recklessly!
You are too injured to fight recklessly!
You are too injured to fight recklessly!
You are too injured to fight recklessly!
The centaur shoots an arrow.
The arrow barely misses you.
There is an open door, spattered with blood here.
You see here 2 arrows.
You start resting.
The centaur shoots an arrow.
The arrow hits you!
* * * LOW HITPOINT WARNING * * *
p - 35 arrows (gained 2)
There is an open door, spattered with blood here.
The centaur shoots an arrow.
The arrow barely misses you.
A scorpion comes into view.
The scorpion moves out of view.
The centaur shoots an arrow.
The arrow hits you!
You die...

#.............#.........)...'.
#..?$.........#>.....÷÷.....#.
#........†....#.............#.
#.......c.c...+..÷..........#.
#...!......(..#.............#.
##...##.c##..[##..>...##....##
##...##..##...###[######....##
#.........#...................
#!........'..@.(.[............
#.........#...<...............
##.#####'###.(##...##.#####'##
##'##....###..####+##.####..##
..........#>.......#..........
..........#........+..........
..........'........#..........
...##.....##...(...#..........
. #####'##.......##.........


You could see a centaur.

Vanquished Creatures
  Pikel (D:7)
  Prince Ribbit (D:5)
  3 slaves (D:7)
  A phantom (D:4)
  3 black bears
  A centaur (D:4)
  An ogre (D:7)
  2 giant frogs (D:6)
  A gnoll sergeant (D:5)
  A wyvern zombie (D:7)
  A scorpion (D:7)
  2 giant frog zombies (D:5)
  3 jellies (D:6)
  Crazy Yiuf (D:7)
  2 gnoll shamans (D:4)
  A hound (D:6)
  An iguana (D:6)
  2 giant frog skeletons
  5 orc wizards (D:5)
  5 worker ants
  Ijyb (D:3)
  18 gnolls
  6 adders
  A worm (D:3)
  An adder zombie (D:3)
  3 adder skeletons (D:4)
  6 giant geckos
  10 orcs
  A ball python (D:3)
  11 bats
  A bat skeleton (D:3)
  A bat zombie (D:3)
  7 giant cockroaches
  19 goblins
  11 hobgoblins
  2 jackals (D:6)
  19 kobolds
  3 quokkas
  A giant gecko skeleton (D:4)
  4 giant newts
  A giant spore (D:7)
  11 rats
  A ballistomycete (D:7)
177 creatures vanquished.

Vanquished Creatures (others)
  A slave (D:7)
1 creature vanquished.

Grand Total: 178 creatures vanquished

Notes
Turn   | Place    | Note
--------------------------------------------------------------
     0 | D:1      | kae, the Centaur Hunter, began the quest for the Orb.
     0 | D:1      | Reached XP level 1. HP: 17/17 MP: 1/1
   400 | D:1      | Reached XP level 2. HP: 24/24 MP: 2/2
   470 | D:1      | Reached skill level 6 in Bows
   787 | D:2      | Reached XP level 3. HP: 20/29 MP: 3/3
  1191 | D:3      | Reached skill level 7 in Bows
  1699 | D:3      | Reached XP level 4. HP: 7/36 MP: 3/3
  1889 | D:3      | Noticed Ijyb
  2007 | D:3      | Killed Ijyb
  2547 | D:3      | Reached skill level 8 in Bows
  3462 | D:4      | Reached XP level 5. HP: 13/41 MP: 4/4
  3847 | D:4      | Found a shadowy altar of Dithmenos.
  3847 | D:4      | Noticed a phantom
  3878 | D:4      | Killed a phantom
  3878 | D:4      | Reached skill level 9 in Bows
  4198 | D:4      | Found a sparkling altar of Nemelex Xobeh.
  4288 | D:4      | Reached XP level 6. HP: 39/48 MP: 5/5
  4335 | D:4      | Reached skill level 10 in Bows
  5038 | D:5      | Entered Level 5 of the Dungeon
  5118 | D:5      | Noticed Prince Ribbit
  5129 | D:4      | Reached skill level 11 in Bows
  5129 | D:4      | Reached XP level 7. HP: 43/55 MP: 5/5
  5250 | D:5      | Killed Prince Ribbit
  5469 | D:5      | Reached skill level 12 in Bows
  5822 | D:5      | Reached XP level 8. HP: 61/61 MP: 6/6
  6078 | D:5      | Reached skill level 13 in Bows
  6685 | D:6      | Found an iron altar of Okawaru.
  6703 | D:6      | Became a worshipper of Warmaster Okawaru
  6989 | D:6      | Found a staircase to the Ecumenical Temple.
  7181 | D:6      | Reached skill level 14 in Bows
  8281 | D:7      | Found a bloodstained altar of Trog.
  8934 | D:7      | Reached skill level 15 in Bows
  9001 | D:7      | Noticed Pikel
  9006 | D:7      | Paralysed by Pikel for 7 turns
  9018 | D:7      | Paralysed by Pikel for 6 turns
  9029 | D:7      | Paralysed by Pikel for 2 turns
  9039 | D:7      | Killed Pikel
  9039 | D:7      | Acquired Okawaru's first power
  9039 | D:7      | Reached XP level 9. HP: 26/67 MP: 7/7
  9315 | D:7      | Noticed Crazy Yiuf
  9335 | D:7      | Killed Crazy Yiuf
  9469 | D:7      | Shot with an arrow by a centaur

Action                   |  1- 3 |  4- 6 |  7- 9 || total
-------------------------+-------+-------+-------++-------
Melee: Short sword       |   122 |   141 |   166 ||   429
 Fire: Shortbow          |    41 |   152 |   248 ||   441
  Use: Potion            |       |     2 |     3 ||     5
       Scroll            |       |       |     9 ||     9
  Eat: Chunk             |     1 |     5 |     7 ||    13
       Meat ration       |       |     1 |     1 ||     2
